 Dungeon Crawl Stone Soup version 0.29.0-4-gdea44cf6ec (webtiles) character file.

Game seed: 12556619472083520937

5 qw the Sneak (level 1, -2/10 HPs)
             Began as a Felid Delver on Aug 27, 2022.
             Slain by a hound (3 damage)
             ... on level 5 of the Dungeon.
             The game lasted 00:00:01 (53 turns).

qw the Sneak (Felid Delver)                           Turns: 53, Time: 00:00:02

Health: -2/10      AC:  1    Str:  8    XL:     1   Next: 66%
Magic:  2/2        EV: 17    Int: 11    God:
Gold:   0          SH:  0    Dex: 17    Spells: 0/0 levels left
                                        Lives:  0   Deaths: 0

rFire   . . .      SeeInvis +     - Unarmed
rCold   . . .      Faith    .   (shield unavailable)
rNeg    . . .      Spirit   .   (body armour unavailable)
rPois   .          Reflect  .   (helmet unavailable)
rElec   .          Harm     .   (cloak unavailable)
rCorr   .          Rampage  .   (gloves unavailable)
Will    .....                   (boots unavailable)
Stlth   +++.......              (no amulet)
HPRegen 0.03/turn               (no ring)
MPRegen 0.08/turn               (no ring)

@: quick
A: very small, claws 1, fangs 3, see invisible, speed 1, shaggy fur 1, stealthy
paws, no weapons or thrown items, no armour, multi-lived
a: no special abilities


You were on level 5 of the Dungeon.
You visited 1 branch of the dungeon, and saw 1 of its levels.


Innate Abilities, Weirdness & Mutations

You have sharp claws.
You have razor-sharp teeth.
You have supernaturally acute eyesight. (SInv)
You cover ground quickly. (Speed+)
You are covered in fur. (AC +1)
Your paws help you pounce on unaware monsters.
You are incapable of wielding weapons or throwing items.
You cannot wear armour.
You gain extra lives every three experience levels.


   Skills:
 - Level 3.0 Fighting
 - Level 2.6 Dodging
 - Level 6.6 Stealth
 + Level 2.5 Unarmed Combat


You couldn't memorise any spells.
You didn't know any spells.
Your spell library was empty.

Inventory:

Wands
 e - a wand of digging (3)
Scrolls
 a - a scroll of fog
 b - a scroll of magic mapping
 c - a scroll of fear
 g - 3 scrolls of vulnerability {unknown}
Potions
 d - a potion of haste
 f - a potion of curing {unknown}
 h - a potion of attraction {unknown}

Dungeon Overview and Level Annotations

Branches:
Dungeon (5/15)
 Temple: D:4-7

Altars:


Message History

Found a dark potion and 7 stones.
Found a stone staircase leading down.
Assign waypoint to what number? (0-9) Waypoint 2 assigned to D:5.
Enter note:
0 ||| PLANNING D:1-11
Found 3 stones.
f - a dark potion
g - 3 scrolls labelled KEREUNE VYMEP An ufetubus comes into view.
You see here a sedimented blue potion.
The ufetubus shouts!
You scratch the ufetubus.
The ufetubus is heavily wounded.
The ufetubus hits you. The ufetubus misses you.
You barely miss the ufetubus.
The ufetubus is heavily wounded.
The ufetubus barely misses you. The ufetubus misses you.
You scratch the ufetubus.
You kill the ufetubus!
You start resting.
HP restored.
h - a sedimented blue potion A hound comes into view.
40 ||| Stepping ~*~*~tactically~*~*~ (stealth).
41 ||| Stepping ~*~*~tactically~*~*~ (stealth).
The hound barks!
You scratch the hound. You bite the hound.
The hound is heavily wounded.
The hound bites you. The hound misses you.
You scratch the hound but do no damage.
The hound is heavily wounded.
The hound bites you.
Ouch! That really hurt!
You barely miss the hound.
The hound is heavily wounded.
The hound closely misses you. The hound completely misses you.
You barely miss the hound.
The hound is heavily wounded.
The hound bites you.
You die...

#.# .. .# #.
##.# ...
###..##..#
##........#
#####..#h.....#
#.....(.@#
#.##.#..##
######
##....#.##
......##...##..#
.......#...##.##
..............#
.......>.######
........##
........#


You could see a hound.

Vanquished Creatures
  An ufetubus (D:5)
1 creature vanquished.

Notes
Turn   | Place    | Note
-------+----------+-------------------------------------------
     0 | D:5      | qw the Felid Delver began the quest for the Orb.
     0 | D:5      | Reached XP level 1. HP: 10/10 MP: 2/2
     0 | D:5      | 0 ||| qw: Version: 0.1-a-89-g26bdef1
     0 | D:5      | 0 ||| qw: Game counter: 4
     0 | D:5      | 0 ||| qw: Always use a shield: true
     0 | D:5      | 0 ||| qw: God list: Okawaru, Trog
     0 | D:5      | 0 ||| qw: Allow faded altars: false
     0 | D:5      | 0 ||| qw: Do Orc after D:15 true
     0 | D:5      | 0 ||| qw: Do second Lair branch before Depths: true
     0 | D:5      | 0 ||| qw: Lair rune preference: random
     0 | D:5      | 0 ||| qw: Plans: Normal
     0 | D:5      | 0 ||| PLANNING D:1-11
    38 | D:5      | Noticed a hound
    40 | D:5      | 40 ||| Stepping ~*~*~tactically~*~*~ (stealth).
    41 | D:5      | 41 ||| Stepping ~*~*~tactically~*~*~ (stealth).
    51 | D:5      | HP: 1/10 [hound (5)]
    53 | D:5      | Slain by a hound

Levels and vault maps discovered:
D:5:      layout_rooms, makhleb_altar_promises_db

Action                   || total
-------------------------++-------
Melee: Unarmed           ||     7
       Bite              ||     1
Dodge: Dodged            ||     6

Table legend:
 A = Non-vault XP
 B = Vault XP
 C = Vault XP percentage of total XP
 D = Non-vault monster count
 E = Vault monster count
 F = Vault count percentage of total count
                 A         B        C        D         E       F
            +---------+---------+-------+---------+---------+-------
      Total |       8 |       0 |   0.0 |       1 |       0 |   0.0
            +---------+---------+-------+---------+---------+-------
        D:5 |       8 |       0 |   0.0 |       1 |       0 |   0.0
            +---------+---------+-------+---------+---------+-------
